 Dungeon Crawl Stone Soup version 0.24-a0-447-ge8da9206dc (webtiles) character file.

Game seed: 14796609535921023902

17843 theanonym the Slicer (level 12, -4/86 HPs)
             Began as a Mummy Enchanter on June 25, 2019.
             Was a Priest of Dithmenos.
             Slain by an elephant (14 damage)
             ... on level 3 of the Lair of Beasts.
             The game lasted 00:40:20 (17610 turns).

theanonym the Slicer (Mummy Enchanter)             Turns: 17610, Time: 00:40:21

Health: -4/86      AC: 14    Str: 12    XL:     12   Next: 22%
Magic:  0/19       EV: 11    Int: 23    God:    Dithmenos [***...]
Gold:   534        SH:  4    Dex: 12    Spells: 9/21 levels left

rFire    . . .     SeeInvis .   a - +3 dagger (venom)
rCold    + + .     Gourm    .   o - -1 buckler of Sloth {+Fly rC+ Int+4}
rNeg     + + +     Faith    .   t - +0 troll leather armour
rPois    ∞         Spirit   +   f - +2 helmet
rElec    .         Reflect  .   k - scarf {Spirit}
rCorr    .         Harm     .   l - +2 pair of gloves
MR       +....                  i - +2 pair of boots
Stlth    +++++.....             e - amulet of magic regeneration
HPRegen  0.64/turn              A - ring of protection from fire
MPRegen  0.41/turn              h - ring of flight

@: wreathed by umbra
A: no food or potions, fire vulnerability, cold resistance 1, negative energy
resistance 3, torment resistance, unbreathing
a: Shadow Step, Renounce Religion, Evoke Flight


Innate Abilities, Weirdness & Mutations

You do not eat or drink.
Your flesh is vulnerable to fire.
You are immune to poison.
Your flesh is cold resistant. (rC+)
You are immune to negative energy. (rN+++)
You are immune to unholy pain and torment.
You can survive without breathing.


   Skills:
 + Level 5.2 Fighting
 + Level 9.8 Short Blades
 - Level 5.0 Armour
 - Level 1.6 Dodging
 + Level 8.1 Stealth
 - Level 4.0 Shields
 - Level 5.0 Spellcasting
 - Level 1.0 Conjurations
 - Level 8.6 Hexes
 - Level 2.1 Ice Magic
 - Level 1.1 Air Magic
 - Level 1.0 Poison Magic
 + Level 2.3 Invocations


You had 9 spell levels left.
You knew the following spells:

 Your Spells              Type           Power        Failure   Level  Hunger
a - Confuse               Hex            #####...     1%          3    N/A
b - Ensorcelled Hibernat  Hex/Ice        ####..       1%          2    N/A
c - Corona                Hex            #####..      1%          1    N/A
d - Mephitic Cloud        Conj/Pois/Air  ##......     24%         3    N/A
e - Tukima's Dance        Hex            #####...     1%          3    N/A

Your spell library contained the following spells:

 Spells                   Type           Power        Failure   Level  Hunger
 Dazzling Spray           Conj/Hex       ####..       4%          3    N/A
 Shock                    Conj/Air       ##..         8%          1    N/A
 Sting                    Conj/Pois      ##..         8%          1    N/A
 Poisonous Vapours        Pois/Air       ##....       12%         2    N/A
 Swiftness                Chrm/Air       #.......     14%         2    N/A
 Static Discharge         Conj/Air       ##......     22%         3    N/A
 Airstrike                Air            ##........   58%         4    N/A
 Olgreb's Toxic Radiance  Pois           ##......     61%         4    N/A
 Lightning Bolt           Conj/Air       ##........   91%         5    N/A
 Venom Bolt               Conj/Pois      ##........   91%         5    N/A
 Iskenderun's Battlesphe  Conj/Chrm      #.......     95%         5    N/A
 Bolt of Magma            Conj/Fire/Erth #.........   96%         5    N/A
 Iron Shot                Conj/Erth      #.........   100%        6    N/A
 Orb of Destruction       Conj           ##........   100%        7    N/A
 Spellforged Servitor     Conj/Summ      #.........   100%        7    N/A

Skill      XL: |  1  2  3  4  5  6  7  8  9 10 11 12 |
---------------+-------------------------------------+-----
Short Blades   | 1 2 3 4 5 6 8 9 |  9.8
Spellcasting   | 3 4 5 |  5.0
Hexes          | 3 4 5 6 7 8 |  8.6
Ice Magic      | 1 2 |  2.1
Stealth        | 3 4 5 6 8 |  8.1
Armour         | 3 4 5 |  5.0
Shields        | 3 4 |  4.0
Fighting       | 1 4 5 |  5.2
Invocations    | 1 2 |  2.3
Poison Magic   | 1 |  1.0
Conjurations   | 1 |  1.0
Air Magic      | 1 |  1.1
Dodging        | |  1.6

Action                   |  1- 3 |  4- 6 |  7- 9 | 10-12 || total
-------------------------+-------+-------+-------+-------++-------
Melee: Dagger            |   128 |   270 |   279 |   363 ||  1040
       Rapier            |       |       |   157 |    46 ||   203
Throw: Throwing net      |       |       |     1 |     2 ||     3
 Cast: Corona            |     3 |     1 |     1 |       ||     5
       Ensorcelled Hiber |    12 |    34 |    59 |    57 ||   162
       Confuse           |       |     5 |    23 |    23 ||    51
       Tukima's Dance    |       |    16 |    10 |    10 ||    36
Invok: Shadow Step       |       |       |       |     7 ||     7
 Abil: Evoke Flight      |       |       |       |     5 ||     5
Evoke: Wand              |       |     3 |    11 |     4 ||    18
  Use: Scroll            |       |     5 |    13 |    10 ||    28
 Stab: Sleeping          |    11 |    20 |    36 |    59 ||   126
       Confused          |       |     2 |    11 |    11 ||    24
       Paralysed         |       |       |     2 |       ||     2
       Held in net/web   |       |       |       |     3 ||     3
       Distracted        |       |       |       |     1 ||     1
Armor: Robe              |    14 |       |       |       ||    14
       Leather armour    |    27 |    74 |   125 |    20 ||   246
       Troll leather arm |       |       |       |    86 ||    86
Dodge: Dodged            |   118 |   169 |   221 |   160 ||   668
Block: Buckler           |       |       |     7 |    36 ||    43

Inventory:

Hand Weapons
 a - a +3 dagger of venom (weapon)
 b - a +0 rapier of protection
 s - a +3 scimitar of protection
Armour
 f - a +2 helmet (worn)
 i - a +2 pair of boots (worn)
 k - a scarf of spirit shield (worn)
 l - a +2 pair of gloves (worn)
 o - the -1 buckler of Sloth (worn) {+Fly rC+ Int+4}

   It affects your intelligence (+4).
   It protects you from cold.
   It lets you fly.
 t - a +0 troll leather armour (worn)
Jewellery
 e - an amulet of magic regeneration (around neck)
 g - an uncursed ring of see invisible
 h - a ring of flight (right hand)
 A - a ring of protection from fire (left hand)
Wands
 d - a wand of digging (5)
 j - a wand of paralysis (23)
 v - a wand of acid (5)
 w - a wand of flame (10)
 x - a wand of iceblast (8)
Scrolls
 m - a scroll of fog {unknown}
 n - 3 scrolls of remove curse
 p - a scroll of brand weapon
 q - a scroll of torment
 r - 5 scrolls of identify
 u - 2 scrolls of immolation
 y - 5 scrolls of magic mapping
 z - a scroll of vulnerability
Miscellaneous
 c - a phial of floods


You were on level 3 of the Lair of Beasts.
You worshipped Dithmenos.
Dithmenos was most pleased with you.
You were not hungry.

You visited 2 branches of the dungeon, and saw 13 of its levels.

You collected 730 gold pieces.
You spent 196 gold pieces at shops.

Dungeon Overview and Level Annotations

Branches:
Dungeon (10/15)            Temple (0/1) D:7            Lair (3/6) D:9
  Swamp: Lair:2-4    Shoals: Lair:2-4     Snake: Lair:2-4    Spider: Lair:2-4
    Orc: D:9-12

Altars:
Ashenzari
Dithmenos
Elyvilon
Nemelex Xobeh
Okawaru
Qazlal
Sif Muna
Xom

Shops:
D:8 !   D:9 (

Annotations:
D:5 exclusion: door
D:10 exclusion: door
Lair:2 3 runed translucent doors, Icink's ghost, journeyman MiBe

....................#
....................#
....................#
....................#
#...................
.
#........†.<.......#
##
#..................#
.##
#..........Y########
.P####.......###@#
..P #.####P...####
..# # ###..# # .#.# #
. .. # .. ... + ..
.... .... F.. ....
.#.⌠


You could see an elephant.

Notes
Turn   | Place    | Note
-------+----------+-------------------------------------------
     0 | D:1      | theanonym the Mummy Enchanter began the quest for the Orb.
     0 | D:1      | Reached XP level 1. HP: 13/13 MP: 4/4
     0 | D:1      | Noticed a dwarf
     0 | D:1      | Noticed a vine stalker
     0 | D:1      | Noticed an ogre
     0 | D:1      | Noticed a draconian
     0 | D:1      | Noticed a minotaur
     0 | D:1      | Noticed a draconian
     0 | D:1      | Noticed a kraken
     0 | D:1      | Noticed a formicid
     0 | D:1      | Noticed a centaur
     0 | D:1      | Noticed a human
     0 | D:1      | Noticed a naga
     0 | D:1      | Noticed a vine stalker
     3 | D:1      | Killed a dwarf
     3 | D:1      | Killed a vine stalker
     5 | D:1      | Killed a centaur
     6 | D:1      | Killed a naga
     6 | D:1      | Killed a draconian
     6 | D:1      | Killed an ogre
     7 | D:1      | Killed a human
     8 | D:1      | Killed a formicid
    11 | D:1      | Killed a vine stalker
    14 | D:1      | Killed a draconian
    17 | D:1      | Killed a minotaur
   123 | D:1      | Reached skill level 1 in Short Blades
   131 | D:1      | Reached XP level 2. HP: 13/19 MP: 5/5
   281 | D:1      | HP: 8/19 [kobold (3)]
  1023 | D:2      | Noticed Robin
  1047 | D:1      | HP: 6/19 [hobgoblin/+0 club[Robin] (6)]
  1056 | D:1      | HP: 1/19 [hobgoblin/+0 club[Robin] (3)]
  1076 | D:1      | Reached skill level 2 in Short Blades
  1411 | D:1      | HP: 3/19 [gnoll/+0 whip (8)]
  1414 | D:1      | Reached XP level 3. HP: 4/24 MP: 5/7
  1690 | D:1      | Learned a level 2 spell: Ensorcelled Hibernation
  1694 | D:1      | Learned a level 3 spell: Confuse
  1756 | D:1      | HP: 11/24 [giant cockroach (2)]
  1761 | D:1      | HP: 8/24 [jackal (2)]
  2062 | D:1      | HP: 12/24 [hobgoblin[Robin] (4)]
  2071 | D:1      | HP: 11/24 [hobgoblin[Robin] (2)]
  2074 | D:1      | Reached skill level 3 in Spellcasting
  2241 | D:1      | HP: 11/24 [goblin[Robin] (2)]
  2405 | D:1      | Killed Robin
  2439 | D:2      | HP: 12/24 [adder (5)]
  2443 | D:2      | Reached skill level 3 in Hexes
  2443 | D:2      | Reached XP level 4. HP: 15/30 MP: 0/8
  2919 | D:1      | Reached skill level 3 in Short Blades
  3187 | D:2      | Found a white marble altar of Elyvilon.
  3232 | D:2      | Reached XP level 5. HP: 24/35 MP: 5/10
  3394 | D:2      | Found a shadowy altar of Dithmenos.
  3408 | D:2      | Became a worshipper of Dithmenos the Shadowed
  3810 | D:2      | Found a shadowy altar of Dithmenos.
  3940 | D:2      | Found a white marble altar of Elyvilon.
  4304 | D:3      | Reached skill level 1 in Ice Magic
  4702 | D:3      | HP: 16/35 [orc/+0 whip (3)]
  4707 | D:3      | HP: 7/35 [worm (9)]
  4712 | D:3      | HP: 6/35 [bat (1)]
  5186 | D:2      | Learned a level 3 spell: Tukima's Dance
  5286 | D:3      | HP: 7/35 [acid (13)]
  5300 | D:3      | HP: 8/35 [jackal (1)]
  5305 | D:3      | HP: 5/35 [jackal (2)]
  5754 | D:3      | Reached XP level 6. HP: 41/41 MP: 4/11
  5777 | D:3      | Reached * piety under Dithmenos
  6034 | D:2      | Reached skill level 4 in Spellcasting
  6471 | D:4      | Found a deep blue altar of Sif Muna.
  6715 | D:4      | Reached skill level 4 in Short Blades
  6751 | D:4      | Noticed Grinder
  6785 | D:4      | Killed Grinder
  6785 | D:4      | Reached skill level 4 in Hexes
  6785 | D:4      | Reached skill level 2 in Ice Magic
  6785 | D:4      | Reached XP level 7. HP: 26/46 MP: 8/14
  7293 | D:4      | Reached skill level 5 in Spellcasting
  7405 | D:4      | Reached skill level 3 in Stealth
  7464 | D:4      | Reached skill level 5 in Short Blades
  7763 | D:5      | Entered Level 5 of the Dungeon
  7917 | D:5      | Found an iron altar of Okawaru.
  7928 | D:5      | Reached ** piety under Dithmenos
  8044 | D:5      | Reached XP level 8. HP: 52/52 MP: 15/15
  8125 | D:5      | HP: 26/52 [orc/+0 trident (5)]
  8883 | D:5      | Noticed Dowan
  9001 | D:5      | Noticed Duvessa
  9132 | D:5      | Noticed Sigmund
  9137 | D:5      | Killed Sigmund
  9137 | D:5      | Reached skill level 6 in Short Blades
  9137 | D:5      | Reached skill level 4 in Stealth
  9137 | D:5      | Reached skill level 5 in Hexes
  9285 | D:5      | Killed Dowan
  9375 | D:5      | HP: 24/52 [Duvessa/+0 short sword (3)]
  9377 | D:5      | Killed Duvessa
 10774 | D:7      | Reached XP level 9. HP: 57/57 MP: 13/16
 10819 | D:7      | Reached skill level 1 in Armour
 10849 | D:7      | Identified the cursed -1 buckler of Sloth {+Fly rC+ Int+4}
                  | (You found it on level 7 of the Dungeon)
 10867 | D:7      | HP: 28/57 [hippogriff (4)]
 10871 | D:7      | Reached skill level 7 in Short Blades
 10874 | D:7      | HP: 24/57 [bullfrog (2)]
 11010 | D:7      | Noticed Harold
 11147 | D:6      | Reached skill level 5 in Stealth
 11323 | D:7      | Found a staircase to the Ecumenical Temple.
 11354 | D:7      | Reached skill level 6 in Hexes
 11370 | D:7      | Reached skill level 2 in Armour
 11409 | D:7      | Noticed Menkaure
 11418 | D:7      | Killed Menkaure
 11418 | D:7      | Reached *** piety under Dithmenos
 11598 | D:7      | Killed Harold
 11598 | D:7      | Reached skill level 8 in Short Blades
 11623 | D:7      | Noticed Pikel
 11662 | D:7      | Reached skill level 3 in Armour
 11966 | D:7      | Killed Pikel
 11966 | D:7      | Reached XP level 10. HP: 42/63 MP: 2/17
 12426 | D:8      | Found a shattered altar of Ashenzari.
 12623 | D:8      | Found Xydetze's Distillery.
 12624 | D:8      | Found the +10 morningstar "Eos" {elec, Halo rElec}
 12627 | D:8      | Reached skill level 6 in Stealth
 12742 | D:8      | HP: 30/63 [troll (4)]
 13233 | D:8      | Found a sparkling altar of Nemelex Xobeh.
 13242 | D:8      | Found a stormy altar of Qazlal.
 13367 | D:9      | Found Zaseamoi's Antique Weapon Shop.
 13372 | D:9      | Bought a glowing rapier for 196 gold pieces
 13401 | D:9      | Found a staircase to the Lair.
 13429 | D:9      | Noticed a two-headed ogre
 13450 | D:9      | Reached skill level 1 in Shields
 13456 | D:9      | Killed a two-headed ogre
 13456 | D:9      | Reached skill level 7 in Hexes
 13582 | D:9      | Reached skill level 2 in Shields
 13820 | D:9      | Noticed a two-headed ogre
 13828 | D:9      | Killed a two-headed ogre
 13828 | D:9      | Reached skill level 4 in Armour
 14106 | D:9      | Noticed a two-headed ogre
 14119 | D:9      | Killed a two-headed ogre
 14119 | D:9      | Reached skill level 1 in Fighting
 14119 | D:9      | Reached skill level 3 in Shields
 14407 | D:9      | Found a shimmering altar of Xom.
 14461 | D:10     | Entered Level 10 of the Dungeon
 14614 | D:10     | Noticed Nergalle
 14618 | D:10     | Noticed a spectral orc warlord
 14640 | D:10     | Killed Nergalle
 14694 | D:10     | Reached XP level 11. HP: 72/72 MP: 13/18
 14725 | D:10     | Reached skill level 2 in Fighting
 14816 | D:10     | Noticed Grum
 14823 | D:10     | Killed Grum
 14891 | D:10     | Reached skill level 9 in Short Blades
 15074 | D:10     | Reached **** piety under Dithmenos
 15399 | D:10     | Reached skill level 4 in Shields
 15617 | D:10     | Reached skill level 7 in Stealth
 15852 | Lair:1   | Entered Level 1 of the Lair of Beasts
 15908 | Lair:1   | Noticed a five-headed hydra
 15913 | Lair:1   | Killed a five-headed hydra
 15913 | Lair:1   | Reached skill level 3 in Fighting
 16073 | Lair:1   | Reached skill level 5 in Armour
 16173 | Lair:1   | Reached skill level 8 in Hexes
 16381 | Lair:2   | Noticed an eight-headed hydra
 16386 | Lair:2   | HP: 38/76 [eight-headed hydra (2)]
 16388 | Lair:2   | Killed an eight-headed hydra
 16388 | Lair:2   | Reached skill level 4 in Fighting
 16715 | Lair:2   | Found a runed translucent gate.
 16715 | Lair:2   | Found a runed translucent gate.
 16715 | Lair:2   | Found a runed translucent gate.
 16789 | Lair:2   | Noticed Icink's ghost (journeyman MiBe)
 17020 | Lair:2   | Reached skill level 1 in Invocations
 17259 | Lair:2   | Noticed a 13-headed hydra
 17259 | Lair:2   | Noticed a nine-headed hydra
 17274 | Lair:2   | Noticed a seven-headed hydra
 17279 | Lair:2   | Killed a seven-headed hydra
 17279 | Lair:2   | Reached skill level 8 in Stealth
 17279 | Lair:2   | Reached XP level 12. HP: 80/85 MP: 14/19
 17294 | Lair:2   | Learned a level 3 spell: Mephitic Cloud
 17416 | Lair:3   | Reached skill level 5 in Fighting
 17471 | Lair:2   | Reached skill level 2 in Invocations
 17582 | Lair:3   | Reached skill level 1 in Poison Magic
 17593 | Lair:3   | HP: 27/86 [elephant (17)]
 17602 | Lair:3   | HP: 23/86 [elephant (8)]
 17603 | Lair:3   | Reached skill level 1 in Conjurations
 17603 | Lair:3   | Reached skill level 1 in Air Magic
 17608 | Lair:3   | HP: 23/86 [elephant (2)]
 17609 | Lair:3   | HP: 10/86 [elephant (14)]
 17610 | Lair:3   | Slain by an elephant

Vanquished Creatures
  Harold (D:7)
  3 hydras
  2 two-headed ogres (D:9)
  Nergalle (D:10)
  Pikel (D:7)
  3 black mambas
  5 elephants
  A spiny frog (Lair:2)
  A komodo dragon (Lair:2)
  A polar bear (Lair:2)
  2 trolls
  4 blink frogs (Lair:2)
  A slime creature (D:10)
  3 hippogriffs
  Grinder (D:4)
  Sigmund (D:5)
  Grum (D:10)
  4 basilisks
  6 yaks (D:10)
  Menkaure (D:7)
  5 water moccasins
  5 porcupines (Lair:1)
  Duvessa (D:5)
  2 ice beasts
  4 orc warriors
  2 sky beasts
  4 slaves (D:7)
  2 phantoms
  A necrophage (D:7)
  2 ogres
  2 wolves (D:10)
  2 crocodiles (Lair:2)
  9 centaurs
  2 big kobolds (D:8)
  4 bullfrogs
  A water moccasin zombie (D:8)
  Dowan (D:5)
  5 scorpions
  3 howler monkeys
  4 electric eels
  A crimson imp (D:8)
  A bullfrog zombie (D:6)
  2 orc priests
  4 hounds
  2 bullfrog skeletons
  2 iguanas
  4 orc wizards
  9 worker ants
  2 worker ant zombies
  Robin (D:1)
  10 gnolls
  16 adders
  An ooze (D:1)
  An adder skeleton (D:6)
  4 worms
  A dart slug (D:3)
  10 leopard geckos
  22 orcs
  4 giant cockroaches
  16 goblins
  11 hobgoblins
  14 jackals
  18 kobolds
  4 quokkas
  A ball python (D:5)
  A ball python skeleton (D:5)
  9 bats
  6 frilled lizards
  A leopard gecko skeleton (D:8)
  10 rats
292 creatures vanquished.

Vanquished Creatures (collateral kills)
  A two-headed ogre (D:9)
  2 ogres
  A worker ant (D:9)
  3 gnolls (D:3)
  A leopard gecko (D:9)
8 creatures vanquished.

Vanquished Creatures (others)
  A minotaur (D:1)
  2 draconians (D:1)
  3 dancing weapons
  2 vine stalkers (D:1)
  A formicid (D:1)
  A human (D:1)
  A naga (D:1)
  A dwarf (D:1)
  An ogre (D:1)
  A centaur (D:1)
  An orc (D:1)
  4 plants (Lair:2)
  4 tentacles (D:1)
23 creatures vanquished.

Grand Total: 323 creatures vanquished

Table legend:
 A = Turns spent in this place as a percentage of turns spent in the entire game.
 B = Non-inter-level travel turns spent in this place as a percentage of non-inter-level travel turns spent in the entire game.
 C = Inter-level travel turns spent in this place as a percentage of turns spent in this place.
 D = Turns resting spent in this place as a percentage of non-inter-level travel turns spent in this place.
 E = Turns spent auto-exploring this place as a percentage of non-inter-level travel turns spent in this place.
 F = Non-inter-level travel turns spent in this place divided by the number of levels of this place that you've seen.
                   A       B       C       D       E      F
               +-------+-------+-------+-------+-------+----------------------
         Total | 100.0 | 100.0 |   4.4 |  41.9 |  38.3 | 1294.4
       Dungeon |  90.0 |  89.9 |   4.6 |  45.2 |  35.3 | 1512.4
          Lair |  10.0 |  10.1 |   3.1 |  12.3 |  64.8 | 567.7
               +-------+-------+-------+-------+-------+----------------------
